 Dungeon Crawl Stone Soup version 0.23.2-1-ga50397a (webtiles) character file.

Game seed: 10175539445586243340

79 Tommers the Grasshopper (level 4, 0/37 HPs)
             Began as a Draconian Warper on May 12, 2019.
             Slain by Grinder (11 damage)
             ... on level 3 of the Dungeon.
             The game lasted 00:10:48 (3073 turns).

Tommers the Grasshopper (Draconian Warper)          Turns: 3073, Time: 00:10:49

Health: 0/37       AC:  6    Str: 13    XL:     4   Next: 17%
Magic:  5/7        EV: 12    Int: 15    God:
Gold:   194        SH:  0    Dex: 10    Spells: 3/7 levels left

rFire    . . .     SeeInvis .   a - +2 mace
rCold    . . .     Gourm    .   (no shield)
rNeg     . . .     Faith    .   (armour unavailable)
rPois    .         Spirit   .   (helmet restricted)
rElec    .         Reflect  .   (no cloak)
rCorr    .         Harm     .   g - +0 pair of gloves
MR       .....                  (no boots)
Stlth    +.........             (no amulet)
HPRegen  0.12/turn              (no ring)
MPRegen  0.10/turn              (no ring)

@: shrouded (expiring)
A: unfitting armour, cold-blooded, AC +5
a: no special abilities


You were on level 3 of the Dungeon.
You were hungry.

You visited 1 branch of the dungeon, and saw 3 of its levels.

You collected 194 gold pieces.

Inventory:

Hand Weapons
 a - a +2 mace (weapon)
 i - a +0 hunting sling
Missiles
 d - a tomahawk of dispersal (quivered)
 e - 61 stones
 n - 3 silver javelins
 q - 13 poisoned needles
Armour
 g - a +0 pair of gloves (worn)
Scrolls
 c - 2 scrolls of blinking
 h - 3 scrolls of remove curse
 j - a scroll of teleportation
Potions
 l - 2 potions of brilliance
 m - a potion of mutation
 o - a potion of invisibility
 p - a potion of heal wounds
Comestibles
 f - 4 rations


   Skills:
 + Level 2.5 Fighting
 + Level 2.6 Maces & Flails
 + Level 0.8 Throwing
 + Level 2.6 Dodging
 + Level 0.4 Stealth
 * Level 2.4 Spellcasting
 * Level 0.8 Charms
 * Level 3.5 Translocations


You had 3 spell levels left.
You knew the following spells:

 Your Spells              Type           Power        Failure   Level  Hunger
a - Blink                 Tloc           N/A          8%          2    ###....
b - Shroud of Golubria    Chrm/Tloc      #.........   13%         2    ###....

Your spell library contained the following spells:

 Spells                   Type           Power        Failure   Level  Hunger
 Gell's Gravitas          Tloc           ##........   16%         3    ###....
 Lesser Beckoning         Tloc           ##........   16%         3    ###....
 Teleport Other           Tloc           ##......     16%         3    ###....
 Passage of Golubria      Tloc           N/A          45%         4    #####..


Dungeon Overview and Level Annotations

Branches:
Dungeon (3/15)

Altars:
Uskayaw

Annotations:
D:3 Grinder


Innate Abilities, Weirdness & Mutations

Your plain brown scales are hard. (AC +5)
You cannot fit into any form of body armour.
You are cold-blooded and may be slowed by cold attacks.


Message History

Space distorts slightly along a thin shroud covering your body.
You closely miss Grinder.
Grinder is moderately wounded.
Grinder closely misses you. Grinder hits you but does no damage.
You closely miss Grinder.
Grinder is moderately wounded.
You are feeling hungry.
Grinder blinks!
Throwing (i - inventory. (/) - cycle)
d - 2 tomahawks of dispersal (quivered)
Press: ? - help, Shift-Dir - straight line, f/p - Grinder
Aim: Grinder (moderately wounded)
You throw a tomahawk of dispersal.
The tomahawk of dispersal closely misses Grinder.
Grinder gestures at you.
You suddenly lose the ability to move!
Your shroud begins to fray at the edges.
Grinder blinks!
You can move again.
Grinder hits you!
You die...

##.#.......#..#..####
+..#.......#.....#
#....#######.....#
#.#### #...#.# #.#
######...#.## #.#
##.....).....# #.#
#....###.....# #.#
#...ยง........#
#.####(..@##......#
#...##...5..........
#...##....#########.
#...##....+
#.####....# #.#
#....# #.# #....#
#######.# #....#
#.......# ######


You could see Grinder.

Vanquished Creatures
  An ooze (D:1)
  A worm (D:3)
  2 dart slugs (D:1)
  3 leopard geckos
  2 orcs (D:3)
  2 bats
  4 giant cockroaches
  7 goblins
  8 hobgoblins
  6 jackals
  A quokka (D:2)
  A ball python (D:1)
  6 frilled lizards
  7 kobolds
  8 rats
59 creatures vanquished.

Notes
Turn   | Place    | Note
-------+----------+-------------------------------------------
     0 | D:1      | Tommers the Draconian Warper began the quest for the Orb.
     0 | D:1      | Reached XP level 1. HP: 17/17 MP: 3/3
   218 | D:1      | Reached XP level 2. HP: 24/24 MP: 5/5
   225 | D:1      | Learned a level 2 spell: Blink
   228 | D:1      | Learned a level 2 spell: Shroud of Golubria
  1102 | D:1      | Reached XP level 3. HP: 28/30 MP: 6/6
  2040 | D:2      | Found a hide-covered altar of Uskayaw.
  2493 | D:3      | Reached XP level 4. HP: 15/37 MP: 7/7
  3032 | D:3      | Noticed Grinder
  3033 | D:3      | Paralysed by Grinder for 7 turns
  3059 | D:3      | Paralysed by Grinder for 5 turns
  3067 | D:3      | Paralysed by Grinder for 5 turns
  3073 | D:3      | Slain by Grinder

Action                   |  1- 3 |  4- 6 || total
-------------------------+-------+-------++-------
Melee: Mace              |   177 |    30 ||   207
       Tailslap          |    12 |       ||    12
Throw: Tomahawk          |     2 |     2 ||     4
 Cast: Blink             |     1 |       ||     1
       Shroud of Golubri |       |     2 ||     2
  Use: Scroll            |       |     9 ||     9
  Eat: Ration            |     2 |       ||     2
Armor: Skin              |    76 |    13 ||    89
Dodge: Dodged            |   170 |    17 ||   187
